 Dungeon Crawl Stone Soup version 0.30-a0-6-g7c9e10e132 (webtiles) character file.

Game seed: 825677965537025602

136 Setbun the Cudgeller (level 4, -3/39 HPs)
             Began as a Minotaur Fighter on Aug 22, 2022.
             Slain by Pikel
             ... wielding a +1 whip of flaming
              (8 damage)
             ... on level 4 of the Dungeon.
             The game lasted 00:02:06 (3000 turns).

Setbun the Cudgeller (Minotaur Fighter)             Turns: 3000, Time: 00:02:07

Health: -3/39      AC:  8    Str: 23    XL:     4   Next: 98%
Magic:  3/3        EV:  9    Int:  5    God:
Gold:   180        SH:  4    Dex:  9    Spells: 3/3 levels left

rFire   . . .      SeeInvis .    i - +0 flail
rCold   . . .      Faith    .    c - +0 buckler
rNeg    + . .      Spirit   .    b - +0 scale mail
rPois   .          Reflect  .    (helmet restricted)
rElec   .          Harm     .    (no cloak)
rCorr   .          Rampage  .    (no gloves)
Will    .....                    l - +0 pair of boots
Stlth   ..........               (no amulet)
HPRegen 0.13/turn                r - ring of positive energy
MPRegen 0.08/turn                (no ring)

@: no status effects
A: horns 2, retaliatory headbutt
a: no special abilities


You were on level 4 of the Dungeon.
You visited 1 branch of the dungeon, and saw 4 of its levels.

You collected 180 gold pieces.

Inventory:

Hand Weapons
 i - a +0 flail (weapon)
Missiles
 s - a throwing net (quivered)
Armour
 b - a +0 scale mail (worn)
 c - a +0 buckler (worn)
 l - a +0 pair of boots (worn)
Jewellery
 r - a ring of positive energy (left hand)
Wands
 o - a wand of mindburst (12)
Scrolls
 a - 2 scrolls of enchant weapon {unknown}
 f - 3 scrolls of identify {unknown}
 g - 2 scrolls of teleportation {unknown}
 h - a scroll of enchant armour {unknown}
 k - a scroll of immolation {unknown}
 m - a scroll of fog {unknown}
 q - a scroll of fear {unknown}
Potions
 d - 2 potions of might
 e - a potion of invisibility {unknown}
 j - a potion of heal wounds {unknown}
 n - a potion of degeneration {unknown}
 p - a potion of cancellation {unknown}
 t - a potion of berserk rage {unknown}
 u - a potion of curing {unknown}


   Skills:
 - Level 3.6 Fighting
 * Level 6.3 Maces & Flails
 - Level 3.6 Armour
 - Level 3.6 Shields


You had 3 spell levels left.
You didn't know any spells.
Your spell library contained the following spells:

 Spells                   Type           Power      Damage    Failure   Level
 Magic Dart               Conj           0%         1d3       86%         1
 Call Imp                 Summ           0%         N/A       95%         2
 Conjure Flame            Conj/Fire      0%         6-21      99%         3
 Ignite Poison            Fire/Tmut/Pois 0%         N/A       99%         3
 Mephitic Cloud           Conj/Pois/Air  0%         N/A       99%         3
 Sticky Flame             Conj/Fire      0%         2d3       100%        4


Dungeon Overview and Level Annotations

Branches:
Dungeon (4/15)
 Temple: D:4-7

Altars:
Nemelex Xobeh

Annotations:
D:4 Pikel


Innate Abilities, Weirdness & Mutations

You have a pair of horns on your head.
You reflexively headbutt those who attack you in melee.


Message History

You sock the lemure!
The lemure is heavily wounded.
A lemure comes into view.
The lemure closely misses you. You furiously retaliate!
You headbutt the lemure! The grasping roots constrict you.
The grasping roots release their grip on you.
You closely miss Pikel.
Pikel hits you with a +1 whip of flaming.
Pikel burns you.
You barely miss Pikel. Your headbutt misses Pikel.
Pikel hits you with a +1 whip of flaming!
Pikel burns you.
You hit Pikel.
Pikel is lightly wounded.
Pikel hits you with a +1 whip of flaming.
* * * LOW HITPOINT WARNING * * *
Pikel burns you.
* * * LOW HITPOINT WARNING * * *
You sock Pikel!
Pikel is moderately wounded.
Pikel hits you but does no damage.
You barely miss Pikel.
Pikel is moderately wounded.
Pikel closely misses you.
You closely miss Pikel.
Pikel is moderately wounded.
Pikel hits you with a +1 whip of flaming.
* * * LOW HITPOINT WARNING * * *
Pikel burns you.
* * * LOW HITPOINT WARNING * * *
You barely miss Pikel. Your headbutt misses Pikel.
Pikel is moderately wounded.
Pikel hits you with a +1 whip of flaming.
* * * LOW HITPOINT WARNING * * *
Pikel burns you.
* * * LOW HITPOINT WARNING * * *
You completely miss Pikel. Your headbutt misses Pikel.
Pikel is moderately wounded.
Pikel hits you with a +1 whip of flaming!
You die...

..........#
.###......# .#
#...##.######
.##..#.##....).#
.....##.#.####.#
.....# ##># #.#
......# #.#
##.## ###.#.#
#.###...#######
# .# #
#.##....@K55..#
# .
..###...#####.#
. . ..# ##.## #
###


You could see Pikel and 2 lemures.

Vanquished Creatures
  A lemure (D:4)
  A gnoll (D:1)
  5 adders
  A worm (D:2)
  A dart slug (D:1)
  3 orcs
  5 endoplasms
  7 giant cockroaches
  8 goblins
  5 hobgoblins
  2 jackals (D:1)
  4 quokkas
  6 ball pythons
  7 bats
  3 frilled lizards
  7 kobolds
  6 rats
72 creatures vanquished.

Notes
Turn   | Place    | Note
-------+----------+-------------------------------------------
     0 | D:1      | Setbun the Minotaur Fighter began the quest for the Orb.
     0 | D:1      | Reached XP level 1. HP: 19/19 MP: 0/0
   193 | D:1      | Reached skill level 3 in Maces & Flails
   243 | D:1      | Reached XP level 2. HP: 26/26 MP: 1/1
   484 | D:1      | Reached skill level 4 in Maces & Flails
   484 | D:1      | Reached XP level 3. HP: 31/31 MP: 2/2
   560 | D:1      | Found a faded altar of an unknown god.
  1076 | D:2      | Reached skill level 5 in Maces & Flails
  1311 | D:2      | Reached XP level 4. HP: 39/39 MP: 3/3
  2065 | D:3      | Found a sparkling altar of Nemelex Xobeh.
  2552 | D:3      | Reached skill level 6 in Maces & Flails
  2985 | D:4      | Noticed a lemure
  2985 | D:4      | Noticed a lemure
  2985 | D:4      | Noticed Pikel
  2990 | D:4      | Killed a lemure
  2992 | D:4      | Noticed a lemure
  3000 | D:4      | Slain by Pikel

Illustrated notes

Levels and vault maps discovered:
D:1:      minmay_arrival_widening_spiral_narrow, layout_loops_ring,
          hellmonk_ecumenical_altar_defaced_shrine, minmay_tetromino_l4
D:2:      layout_loops_corners, st_stairs_9, minmay_crystal_water
D:3:      layout_rooms, mainiacjoe_overflow_boulevard,
          chequers_decorated_corner, nrook_uturn
D:4:      layout_loops_ring, grunt_ministairs_14, kennysheep_generic_room_4,
          uniq_robin, uniq_pikel, uniq_crazy_yiuf_cottage

Skill      XL: |  1  2  3  4 |
---------------+-------------+-----
Maces & Flails | 3 4 5 6 |  6.3
Fighting       | |  3.6
Armour         | |  3.6
Shields        | |  3.6

Action                   |  1- 3 |  4- 6 || total
-------------------------+-------+-------++-------
Melee: Flail             |    77 |    85 ||   162
       Headbutt          |    14 |     8 ||    22
Armor: Scale mail        |    49 |    36 ||    85
Dodge: Dodged            |    28 |    21 ||    49
Block: Buckler           |    17 |    15 ||    32

Table legend: (Time is in decaauts)
 A = Elapsed time spent in this place.
 B = Non-inter-level travel time spent in this place.
 C = Inter-level travel time spent in this place.
 D = Time resting spent in this place.
 E = Time spent auto-exploring this place.
 F = Levels seen in this place.
 G = Mean time per level.
                   A        B        C        D        E       F      G
               +--------+--------+--------+--------+--------+-----+--------+
         Total |   3032 |   2966 |     66 |      0 |   2540 |   4 |  758.0 |
       Dungeon |   3032 |   2966 |     66 |      0 |   2540 |   4 |  758.0 |
               +--------+--------+--------+--------+--------+-----+--------+

Top non-repeatable levels by time:
     D:2: 1095 daAuts
     D:1: 946 daAuts
     D:3: 695 daAuts
     D:4: 295 daAuts
